Map: Blackburn LE

Players

A.I. 1 (Elite)

  • Race: Protoss Protoss

NaVazil - Winner!

  • Race: Protoss Protoss

VOD

Have the link to the VOD?

Description

Time

  • Played on: April 19, 2021, 2:18 p.m.
  • Length: 10:13
Show
View Real Time Build Order
Export as new Build Order

A.I. 1 (Elite) Protoss 

Build Orders:  

Get SALT Encoding   

  12  0:00  Probe  
  13  0:13  Probe  
  14  0:19  Pylon  
  14  0:25  Probe  
  15  0:33  Probe  
  15  0:40  Gateway  
  15  0:41  Probe  
  16  0:47  Assimilator  
  17  0:51  Probe  
  18  0:59  Probe  
  18  1:01  Pylon  
  19  1:07  Probe  
  19  1:18  Probe  
  21  1:30  Zealot, Probe  
  21  1:31  Cybernetics Core  
  24  1:42  Probe  
  25  1:51  Zealot  
  25  1:56  Gateway  
  25  1:57  Pylon  
  25  2:00  Probe  
  28  2:15  Warp Gate  
  28  2:25  Adept  
  28  2:26  Probe  
  28  2:27  Assimilator  
  31  2:38  Probe  
  31  2:40  Pylon  
  31  2:43  Adept  
  34  2:50  Probe  
  34  2:55  Sentry  
  36  3:02  Probe  
  37  3:13  Adept  
  37  3:14  Probe  
  37  3:17  Nexus  
  40  3:26  Probe  
  41  3:31  Stalker  
  43  3:38  Probe  
  44  3:42  Forge  
  44  3:59  Probe  
  45  4:08  Probe  
  45  4:12  Robotics Facility  
  45  4:16  Probe  
  46  4:17  Photon Cannon  
  46  4:19  Photon Cannon  
  47  4:24  Pylon  
  47  4:26  Probe  
  47  4:28  Adept  
  47  4:29  Probe  
  51  4:37  Adept  
  51  4:38  Probe  
  54  4:41  Probe  
  55  4:50  Probe  
  56  4:53  Probe  
  57  5:02  Immortal, Stalker, Probe  
  64  5:07  Pylon  
  64  5:08  Probe  
  65  5:14  Stalker, Probe  
  65  5:20  Probe  
  69  5:26  Probe  
  69  5:27  Robotics Facility  
  70  5:29  Twilight Council  
  70  5:38  Pylon  
  70  5:44  Probe  
  70  5:47  Probe  
  72  5:52  Stalker x2  
  72  5:56  Gateway  
  72  6:01  Assimilator  
  72  6:03  Zealot  
  74  6:09  Pylon  
  74  6:13  Templar Archives  
  74  6:14  Assimilator  
  74  6:18  Stalker  
  76  6:23  Probe x2  
  78  6:27  Stalker  
  78  6:32  Nexus, Pylon  
  78  6:34  Stalker  
  78  6:35  Probe  
  78  6:36  Probe  
  76  6:45  Stalker  
  72  6:47  Probe  
  72  6:48  Probe  
  72  6:50  Stalker  
  72  6:54  High Templar  
  68  7:03  Stalker  
  66  7:11  Observer  
  66  7:13  Zealot  
  63  7:26  High Templar, Stalker  
  67  7:33  Pylon  
  65  7:38  Pylon  
  65  7:41  Sentry  
  56  7:44  Probe x2  
  56  7:45  Probe  
  55  7:53  Stalker  
  55  7:56  Adept, Probe  
  55  7:57  Probe  
  55  7:58  Probe  
  61  7:59  Assimilator  
  58  8:06  Assimilator  
  58  8:08  Probe  
  58  8:09  Probe  
  58  8:10  Probe  
  58  8:11  Adept  
  61  8:15  Zealot  
  61  8:19  Probe  
  56  8:21  Probe  
  56  8:22  Probe  
  50  8:27  Probe  
  50  8:33  Probe  
  42  8:34  Probe  
  42  8:35  Probe  
  43  8:43  Probe  
  43  8:45  Probe  
  46  8:51  Probe  
  45  8:57  Probe  
  43  9:16  Pylon  
  42  9:24  Gateway  
  41  9:29  Templar Archives  
Show
View Real Time Build Order
Export as new Build Order

NaVazil Protoss - Winner!

Build Orders: 1 Gate Expand, Carrier Rush 

Get SALT Encoding   

  12  0:00  Probe  
  13  0:12  Probe  
  14  0:20  Pylon  
  14  0:24  Probe  
  15  0:38  Probe  
  16  0:45  Gateway  
  16  0:48  Assimilator  
  16  0:50  Probe (Chrono Boost)  
  17  1:01  Probe (Chrono Boost)  
  18  1:06  Probe (Chrono Boost)  
  19  1:16  Probe  
  20  1:30  Nexus  
  20  1:38  Cybernetics Core  
  20  1:43  Probe  
  21  1:50  Assimilator  
  21  1:59  Probe  
  22  2:06  Pylon  
  22  2:11  Probe  
  23  2:21  Adept (Chrono Boost)  
  23  2:24  Probe  
  23  2:26  Warp Gate  
  26  2:30  Stargate  
  26  2:36  Probe  
  27  2:44  Probe  
  28  2:48  Probe  
  29  2:56  Probe  
  30  3:00  Probe  
  30  3:04  Pylon  
  31  3:08  Probe  
  31  3:12  Probe  
  33  3:18  Fleet Beacon  
  33  3:20  Probe (Chrono Boost)  
  33  3:21  Assimilator  
  33  3:25  Probe (Chrono Boost)  
  33  3:26  Assimilator  
  35  3:32  Probe (Chrono Boost)  
  37  3:35  Probe (Chrono Boost)  
  37  3:38  Probe (Chrono Boost)  
  37  3:39  Probe (Chrono Boost)  
  37  3:40  Stargate  
  38  3:48  Probe  
  40  3:51  Probe  
  40  3:56  Gateway  
  40  4:00  Probe  
  41  4:03  Probe  
  41  4:08  Carrier (Chrono Boost)  
  42  4:13  Probe  
  49  4:20  Pylon  
  49  4:21  Probe  
  50  4:25  Probe  
  51  4:38  Probe  
  51  4:39  Probe  
  51  4:45  Pylon  
  59  4:48  Carrier (Chrono Boost)  
  59  4:49  Pylon  
  59  4:50  Probe  
  59  4:51  Probe  
  61  5:02  Tempest (Chrono Boost)  
  66  5:18  Pylon  
  66  5:20  Pylon  
  66  5:25  Stalker x2  
  70  5:31  Probe  
  70  5:32  Probe  
  72  5:36  Forge  
  72  5:37  Protoss Air Weapons Level 1 (Chrono Boost)  
  72  5:59  Probe x2  
  74  6:06  Nexus  
  74  6:09  Pylon  
  74  6:10  Assimilator, Pylon  
  74  6:11  Assimilator, Carrier  
  80  6:15  Pylon  
  80  6:17  Pylon  
  80  6:35  Carrier  
  86  6:50  Nexus  
  86  6:54  Assimilator  
  86  6:58  Assimilator  
  86  7:00  Protoss Shields Level 1  
  86  7:02  Pylon  
  86  7:03  Stargate  
  86  7:04  Pylon  
  86  7:05  Stargate  
  86  7:50  Carrier  
  92  7:51  Tempest  
  92  7:52  Tempest  
  102  8:01  Tempest  
  107  8:31  Twilight Council  
  107  8:38  Pylon  
  107  8:40  Pylon  
  107  8:42  Pylon  
  107  8:43  Pylon  
  107  8:46  Tempest x2  
  107  8:47  Tempest, Unknown  
  122  9:21  Cybernetics Core  
Tags
 
Add a new tag
Caveats
  • Supply blocks, unpowered buildings, or Contaminate may cause inaccurate times.
  • Supply counts are checked every 10 seconds.